[Event "German-ch Blitz Women 2022"]
[Site "Magdeburg"]
[Date "2022.08.13"]
[Round "12.7"]
[White "Kunze, Kerstin"]
[Black "Staerk, Elisa"]
[Result "1-0"]
[ECO "B06"]
[WhiteElo "2020"]
[BlackElo "1947"]
[Annotator "TA"]
[PlyCount "68"]
[EventDate "2022.08.10"]
[EventType "tourn"]
[EventCountry "GER"]
[SourceTitle "playchess.com"]
[Source "ChessBase"]
[SourceQuality "1"]
[TimeControl "180+2"]

1. e4 g6 2. d4 Bg7 3. Nc3 c5 4. Nf3 cxd4 5. Nxd4 Nc6 6. Be3 Nf6 7. Be2 O-O 8. O-O d6 9. h3 a6 10. Qd2 Nxd4 {[%emt 0:00:09] B73: Sicilian Dragon: Classical System without 9 Nb3.} 11. Bxd4 ({Much worse is} 11. Qxd4 {[#]} Ng4 $1 12. Qd3 Nxe3 13. Qxe3 Bd7 $15) 11... b5 12. Bf3 e5 {[%emt 0:00:42] The position is equal.} 13. Be3 Qc7 14. a3 Bb7 15. g3 Rfd8 16. Rad1 Rac8 17. Bg5 Qb6 18. h4 Rc4 19. Rfe1 Rd4 20. Qe2 Rc8 (20... Qc7 $14) 21. Be3 $16 Ne8 22. Bxd4 exd4 23. Nd5 Bxd5 24. exd5 Qc5 25. c3 (25. Qe7 $18) 25... dxc3 $14 26. bxc3 (26. Rc1 $14 Be5 27. Qd3) 26... Nf6 (26... Bxc3 $11 {remains equal.} 27. Rc1 Qxa3) 27. Rd3 Re8 28. Qd1 (28. Qxe8+ $142 Nxe8 29. Rxe8+ Bf8 30. Ra8) 28... Rxe1+ (28... Qxa3 $142 29. h5 Qc5) 29. Qxe1 $16 Qc4 30. Re3 h6 31. h5 Nd7 $2 {[%emt 0:00:02] [#]  Weighted Error Value: White=0.29 (precise) /Black=0.33} (31... gxh5 {is tougher.} 32. Qe2 Qxe2 33. Rxe2 Kf8) {Predecessor:} 32. Re8+ $146 Kh7 33. Qe7 Ne5 34. Qd8 Nxf3+ {1-0 (34) Kunze,K (2020)-Silz,E (1950) Magdeburg 2022} 1-0

[Event "German-ch Blitz Women 2022"]
[Site "Magdeburg"]
[Date "2022.08.13"]
[Round "12.8"]
[White "Doll, Rebecca"]
[Black "Zschischang, Marine"]
[Result "1-0"]
[ECO "C10"]
[WhiteElo "1933"]
[BlackElo "2083"]
[Annotator "NA RC"]
[PlyCount "112"]
[EventDate "2022.08.10"]
[EventType "tourn"]
[EventCountry "GER"]
[SourceTitle "playchess.com"]
[Source "ChessBase"]
[SourceQuality "1"]
[TimeControl "180+2"]

1. e4 e6 2. d4 d5 3. Nd2 dxe4 4. Nxe4 Nd7 5. Nf3 Ngf6 6. Nxf6+ Nxf6 7. Bd3 c5 8. Be3 Nd5 9. Bd2 Qc7 10. O-O c4 11. Be4 Nf6 12. Qe2 Bd6 13. Ne5 Nxe4 14. Qxe4 Bd7 15. Nxd7 Qxd7 16. d5 Rc8 17. dxe6 Qxe6 18. Qxb7 O-O 19. Rfe1 Qf6 20. c3 Bc5 21. Be3 Rb8 22. Qd5 Bxe3 23. fxe3 Rxb2 24. Rf1 Qb6 25. Rf3 Rb1+ 26. Rf1 Qxe3+ 27. Kh1 Rxa1 28. Rxa1 Qxc3 29. Rd1 Qc2 30. h3 g6 31. Qd2 Qxd2 32. Rxd2 c3 33. Rc2 Rc8 34. Kg1 Kg7 35. Kf2 Kf6 36. Ke3 Ke5 37. g3 h5 38. h4 Kf5 39. Kf3 g5 40. hxg5 Kxg5 41. a3 Rc4 42. a4 Rxa4 43. Rxc3 f5 44. Rb3 a5 45. Rc3 Rb4 46. Kg2 Kg4 47. Rd3 Rb2+ 48. Kf1 a4 49. Ra3 Rb3 50. Rxa4+ Kxg3 51. Ra5 Kg4 52. Ra8 Rb2 53. Rg8+ Kf3 54. Kg1 h4 55. Rh8 f4 56. Rxh4 Kg3 1-0

[Event "German-ch Blitz Women 2022"]
[Site "Magdeburg"]
[Date "2022.08.13"]
[Round "12.9"]
[White "Wulf, Constanze"]
[Black "Schuster, Rebekka"]
[Result "1/2-1/2"]
[ECO "A04"]
[WhiteElo "1835"]
[BlackElo "1815"]
[Annotator "NA RC COMBH"]
[PlyCount "49"]
[EventDate "2022.08.10"]
[EventType "tourn"]
[EventCountry "GER"]
[SourceTitle "playchess.com"]
[Source "ChessBase"]
[SourceQuality "1"]
[TimeControl "180+2"]

1. Nf3 e6 2. b3 d5 3. Bb2 Nf6 4. e3 Be7 5. Be2 O-O 6. O-O c5 7. d3 Nc6 8. Nbd2 Bd6 9. c4 Bc7 10. Rc1 d4 11. exd4 Nxd4 12. Nxd4 cxd4 13. Ne4 Nxe4 14. dxe4 Qh4 15. g3 Qxe4 16. Bf3 Qf5 17. Qxd4 e5 18. Qe4 Qxe4 19. Bxe4 f5 20. Bd5+ Kh8 21. Rfe1 e4 22. f3 exf3 23. Re7 Bb6+ 24. Kf1 Rf6 25. Re8+ 1/2-1/2

[Event "German-ch Blitz Women 2022"]
[Site "Magdeburg"]
[Date "2022.08.13"]
[Round "12.10"]
[White "Stangl, Anita"]
[Black "Fock, Sana"]
[Result "1-0"]
[ECO "B90"]
[WhiteElo "2023"]
[BlackElo "1807"]
[Annotator "NA RC"]
[PlyCount "95"]
[EventDate "2022.08.10"]
[EventType "tourn"]
[EventCountry "GER"]
[SourceTitle "playchess.com"]
[Source "ChessBase"]
[SourceQuality "1"]
[TimeControl "180+2"]

1. e4 c5 2. Nf3 d6 3. d4 cxd4 4. Nxd4 Nf6 5. Nc3 a6 6. Bc4 e6 7. a3 Nbd7 8. O-O Be7 9. Bxe6 fxe6 10. Nxe6 Qb6 11. Nxg7+ Kf7 12. Nf5 Ne5 13. Bg5 Bxf5 14. exf5 h5 15. Bxf6 Bxf6 16. Qd5+ Kg7 17. Ne4 Rad8 18. Rad1 Qc6 19. Nxf6 Kxf6 20. Qe6+ Kg7 21. f6+ Kh6 22. Rfe1 Rhg8 23. f7+ Rg6 24. Qd5 Qxd5 25. Rxd5 Nxf7 26. Re7 Ne5 27. Rxb7 Rdg8 28. g3 Nf3+ 29. Kg2 Nh4+ 30. Kf1 Nf3 31. h4 Rf8 32. Rb6 Nh2+ 33. Kg2 Ng4 34. Rd2 Rgf6 35. f4 Ne3+ 36. Kf3 Nf1 37. Rdxd6 Nh2+ 38. Kg2 Ng4 39. Rxf6+ Rxf6 40. Rxf6+ Nxf6 41. Kf3 Kg6 42. Ke3 Kf5 43. c4 Nd7 44. Kd4 Kg4 45. Kd5 Kxg3 46. f5 Kg4 47. Ke6 Kxh4 48. Kxd7 1-0

[Event "German-ch Blitz Women 2022"]
[Site "Magdeburg"]
[Date "2022.08.13"]
[Round "12.11"]
[White "Falke, Ornella"]
[Black "Heil, Marina"]
[Result "0-1"]
[ECO "B07"]
[WhiteElo "1912"]
[BlackElo "1926"]
[Annotator "TA"]
[PlyCount "30"]
[EventDate "2022.08.10"]
[EventType "tourn"]
[EventCountry "GER"]
[SourceTitle "playchess.com"]
[Source "ChessBase"]
[SourceQuality "1"]
[TimeControl "180+2"]

1. e4 d6 2. d4 Nf6 3. Nc3 Nbd7 4. Nf3 e5 5. g4 h6 6. Rg1 {[%emt 0:00:06] C41: Philidor Defence.} exd4 7. Nxd4 Ne5 {[%emt 0:00:01] [#]} (7... a6 $14 {was preferrable.}) 8. g5 $146 (8. f4 $16) ({Predecessor:} 8. Be2 c6 9. f4 Ng6 10. Be3 Qa5 11. Qd2 h5 12. h3 hxg4 13. hxg4 Rh2 14. Nf5 Bxf5 15. gxf5 {1-0 (26) Janaszak,D (2348)-Khoroshev,N (2364) Chess.com INT 2021}) 8... hxg5 $11 9. Bxg5 Rxh2 (9... c6 $11) 10. Be2 (10. Nf3 $1 $14 Nxf3+ 11. Qxf3) 10... c5 (10... c6 $11 {keeps the balance.}) 11. Ndb5 $2 ({White has to play} 11. Nf3 $16 Nxf3+ 12. Bxf3) 11... a6 $15 12. Na3 (12. Bf4 $142 Rh4 13. Bxe5 dxe5 14. Qxd8+ Kxd8 15. O-O-O+ Bd7 16. Nd5) 12... b5 {[%emt 0:00:02] [#] aiming for ...b4. Black is more active.} 13. Nd5 Qa5+ 14. c3 (14. Bd2 $17 {might work better.} Qd8 15. Bf4) 14... Nxe4 $19 15. Qd3 $2 (15. Bf4 Nxf2 16. Qb1 Nfd3+ 17. Bxd3 Rxb2 18. Qd1) 15... Nxd3+ {[%emt 0:00:08] Weighted Error Value: White=1.35/Black=0.39} 0-1

[Event "German-ch Blitz Women 2022"]
[Site "Magdeburg"]
[Date "2022.08.13"]
[Round "12.12"]
[White "Kosovska, Olena"]
[Black "Leveikina, Jevgenija"]
[Result "1/2-1/2"]
[ECO "B12"]
[WhiteElo "1831"]
[BlackElo "2061"]
[Annotator "NA RC"]
[PlyCount "84"]
[EventDate "2022.08.10"]
[EventType "tourn"]
[EventCountry "GER"]
[SourceTitle "playchess.com"]
[Source "ChessBase"]
[SourceQuality "1"]
[TimeControl "180+2"]

1. e4 c6 2. d4 d5 3. e5 Bf5 4. Nc3 Qb6 5. h4 h5 6. Nge2 e6 7. Ng3 Bg6 8. Be2 c5 9. dxc5 Bxc5 10. O-O Be7 11. Bxh5 Bxh4 12. Bxg6 Bxg3 13. Bxf7+ Kf8 14. Qf3 Bh2+ 15. Kh1 Bxe5+ 16. Bh5+ Nf6 17. g4 Kg8 18. Kg2 Nbd7 19. Na4 Qd4 20. Nc3 Rf8 21. Be3 Qb4 22. Qe2 d4 23. a3 Qd6 24. Nb5 Qd5+ 25. f3 dxe3 26. Rad1 Qc6 27. Nd4 Bxd4 28. Rxd4 Ne5 29. Qxe3 Qc7 30. Re1 Nxh5 31. gxh5 Rxh5 32. Re4 Rhf5 33. Rxe5 Qf7 34. Rxf5 Qxf5 35. Qe4 Qg5+ 36. Kf2 Rf6 37. Rg1 Qc5+ 38. Qe3 Qxc2+ 39. Qe2 Qc5+ 40. Qe3 Qc2+ 41. Qe2 Qc5+ 42. Qe3 Qc2+ 1/2-1/2

[Event "German-ch Blitz Women 2022"]
[Site "Magdeburg"]
[Date "2022.08.13"]
[Round "13.1"]
[White "Leveikina, Jevgenija"]
[Black "Paehtz, Elisabeth"]
[Result "1/2-1/2"]
[ECO "A40"]
[WhiteElo "2061"]
[BlackElo "2484"]
[Annotator "TA"]
[PlyCount "117"]
[EventDate "2022.08.10"]
[EventType "tourn"]
[EventCountry "GER"]
[SourceTitle "playchess.com"]
[Source "ChessBase"]
[SourceQuality "1"]
[TimeControl "180+2"]

1. d4 e6 2. Nf3 c5 3. c3 b6 4. Bf4 Bb7 5. e3 cxd4 6. cxd4 {[%emt 0:00:01] A43: Schmid Benoni.} Nf6 7. Nc3 a6 8. h3 {[%emt 0:00:01] White is slightly better.} d6 9. Be2 {[%emt 0:00:01] [#]} Nbd7 $146 ({Predecessor:} 9... Be7 10. O-O O-O 11. Nd2 Nbd7 12. Bf3 Bxf3 13. Nxf3 Rc8 14. Qe2 b5 15. a3 Nb6 {0-1 (41) Palchun,G (2047)-Galstyan,G Chalkidiki 2007}) 10. O-O Be7 11. Rc1 O-O 12. a3 Re8 13. b4 Nf8 14. Qb3 Ng6 15. Bh2 Ne4 16. Nxe4 Bxe4 17. Nd2 Bd5 18. Bc4 Bb7 19. Rfd1 Bh4 (19... b5 $1 $11 20. Bd3 Qd7) 20. Be2 (20. b5 $16) 20... Qd7 (20... Be7 $14) 21. Bf3 (21. Nc4 $16 Bd5 22. Qb1 (22. Nxb6 Bxb3 23. Nxd7 Bxd1 $11) 22... Bxc4 23. Rxc4) 21... d5 $2 (21... Bxf3 $11 {and Black stays safe.} 22. Nxf3 Bf6) 22. Rc7 $18 Qd8 23. Rxb7 Rc8 24. Be2 b5 25. Nf3 Bf6 26. Qb2 Rc6 27. Rc1 Qc8 28. Rxc6 Qxc6 29. Rc7 Qa8 30. Qc2 Ne7 31. Be5 h6 32. Bxf6 gxf6 33. Qc5 Nf5 34. Bd3 {[%emt 0:00:05] [#] Hoping for Bxf5.} Ng7 35. Qc6 Qb8 36. Nd2 e5 37. Rb7 Qd8 38. Qc7 Qxc7 39. Rxc7 exd4 40. exd4 Ne6 41. Rc6 Nxd4 42. Rxa6 (42. Rd6 $142) 42... Re1+ 43. Kh2 Rd1 44. Ra8+ ({Not} 44. Rxf6 Rxd2 45. Bb1 Rb2 $14) 44... Kg7 45. Nf3 Nxf3+ $14 ({Weaker is} 45... Rxd3 46. Nxd4 Rxd4 47. Rb8 $18) 46. gxf3 Rxd3 {[%emt 0:00:01][%mdl 4096] Endgame KR-KR} 47. Kg2 Kg6 {[%emt 0:00:05] The position is equal.} 48. Ra5 d4 49. Rxb5 {[%emt 0:00:01] [#] And now a4 would win.} Rxa3 50. Rd5 d3 51. b5 Rb3 52. b6 f5 53. b7 Rxb7 54. Rxd3 Kg5 55. Rd4 f4 56. Ra4 f5 57. Rc4 Rg7 58. Kh2 Re7 59. Kg2 {[%emt 0:00:01] Blacks defense is rewarded with a draw.  Weighted Error Value: White=0.27 (precise) /Black=0.72} 1/2-1/2

[Event "German-ch Blitz Women 2022"]
[Site "Magdeburg"]
[Date "2022.08.13"]
[Round "13.2"]
[White "Heil, Marina"]
[Black "Kosovska, Olena"]
[Result "1-0"]
[ECO "A25"]
[WhiteElo "1926"]
[BlackElo "1831"]
[Annotator "TA"]
[PlyCount "83"]
[EventDate "2022.08.10"]
[EventType "tourn"]
[EventCountry "GER"]
[SourceTitle "playchess.com"]
[Source "ChessBase"]
[SourceQuality "1"]
[TimeControl "180+2"]

1. c4 e5 2. Nc3 Nc6 3. g3 Nf6 4. Bg2 Be7 5. d3 O-O 6. e4 {[%emt 0:00:00] A25: English Opening vs King's Indian with ...Nc6 but without early d3.} d6 7. Nge2 Bg4 8. h3 {[%emt 0:00:01] White is slightly better.} Be6 9. O-O Qd7 10. Kh2 {[%emt 0:00:00] [#]} a6 $146 ({Predecessor:} 10... h6 11. Be3 Kh7 12. a3 Rh8 13. Nd5 Bxd5 14. cxd5 Nd8 15. Rc1 c6 16. dxc6 Nxc6 {1-0 (33) Pritulina,N (1056)-Sevcikova,K Bratislava 2019}) 11. Nd5 h6 12. f4 {[%emt 0:00:03] [#] Strongly threatening Nxf6+.} Na7 $2 (12... Qd8 $16 {keeps fighting.}) 13. Nxf6+ $18 Bxf6 14. f5 c6 15. fxe6 fxe6 16. Nc3 Rad8 17. Qg4 Kh7 18. Be3 Nc8 19. h4 Ne7 20. Rf2 b5 21. b3 bxc4 22. dxc4 d5 23. Rd1 d4 24. Bc1 Qd6 25. Na4 c5 26. Ba3 Rc8 27. Bh3 Rc6 28. Rdf1 Ng6 29. Qd1 Re8 30. Rxf6 gxf6 31. Rxf6 {[%emt 0:00:00] White threatens Qh5 and mate.} Qe7 32. Qf3 (32. Rf1 $142) 32... Rf8 $2 (32... Nf4 {was necessary.}) 33. Rxf8 Nxf8 34. h5 Nd7 35. Qg4 Qg7 {[%emt 0:00:10] Inhibits Qg6+.} 36. Qf3 $2 (36. Nb2 $18) 36... Nf6 $2 {[%emt 0:00:02][%mdl 8192] [#]} (36... Qe7 $11) 37. Bxe6 $1 Qg5 (37... Kh8 38. Nxc5) 38. Bf5+ Kg7 39. g4 d3 $2 (39... Qd2+ 40. Kh3 Qxa2) 40. Qxd3 Qf4+ 41. Kh3 $2 (41. Kg2 $18 Qg5 42. Qd8) 41... Qf2 (41... Rd6 $16 42. Qe2 (42. Qxd6 Qf3+ 43. Kh4 Qf2+ 44. Kh3 Qf3+ 45. Kh4 Qf2+ 46. Kh3 Qf3+ $11) 42... Rd2 43. Nxc5 Rxe2 44. Ne6+ Kf7 45. Nxf4 exf4) 42. Bxc5 {Black did not feel at home in the position after the opening.  Weighted Error Value: White=0.46/Black=0.64} ({And not} 42. Bb2 Rd6 43. Qxd6 Qf3+ 44. Kh4 Qf2+ 45. Kh3 Qf3+ 46. Kh4 Qf2+ 47. Kh3 $11) 1-0

[Event "German-ch Blitz Women 2022"]
[Site "Magdeburg"]
[Date "2022.08.13"]
[Round "13.3"]
[White "Fock, Sana"]
[Black "Falke, Ornella"]
[Result "1-0"]
[ECO "B23"]
[WhiteElo "1807"]
[BlackElo "1912"]
[Annotator "TA"]
[PlyCount "60"]
[EventDate "2022.08.10"]
[EventType "tourn"]
[EventCountry "GER"]
[SourceTitle "playchess.com"]
[Source "ChessBase"]
[SourceQuality "1"]
[TimeControl "180+2"]

1. e4 c5 2. Nc3 Nc6 3. f4 g6 4. Nf3 Bg7 5. Bb5 e6 (5... Nd4 $11) 6. e5 {[%emt 0:00:06] B23: Closed Sicilian: Lines without g3.} (6. Bxc6 $5 dxc6 7. d3 $14) 6... Nge7 7. Ne4 O-O 8. O-O {[%emt 0:00:11] White is slightly better.} ({Reject} 8. Nxc5 d6 9. Nd3 Nf5 $11) 8... Qb6 {[%emt 0:00:05] [#]} 9. Be2 $146 ({Predecessor:} 9. Bxc6 Nxc6 10. Nd6 f6 11. Nc4 Qc7 12. Qe2 fxe5 13. fxe5 b5 14. Nd6 Nxe5 15. Nxb5 {0-1 (26) Sreyas,P (2150)-Akhilbay,I (1746) Tornelo INT 2020}) 9... Nf5 10. Kh1 d5 11. Neg5 (11. Nf6+ $11 Bxf6 12. exf6) 11... h6 12. Nh3 d4 13. c3 Rd8 {[%emt 0:00:11] [#] White must now prevent ...d3.} 14. Qe1 d3 15. Bd1 Bd7 16. a4 (16. Nf2 $11 {keeps the balance.}) 16... c4 17. Qf2 ({Better is} 17. Nf2 $15) 17... Bf8 18. g4 Bc5 (18... Nfe7 $17 {White should prevent ...Na5.} 19. b3 cxb3 20. Qxb6 axb6 21. Bxb3 b5) 19. Qg2 (19. Qe1 $11) 19... Nfe7 $36 {[%mdl 2048] Black has strong initiative.} 20. f5 $2 {[%emt 0:00:04] [#] Now White is beyond hope.} (20. Nf2 $17) 20... exf5 $19 21. gxf5 Nxf5 22. a5 $2 (22. Nf4 Na5 23. Nxd3) 22... Nxa5 23. Nf4 Bc6 24. Nh5 (24. Rxa5 $142 Qxa5 25. b4 cxb3 26. Bxb3) 24... Be7 25. Nf6+ Bxf6 26. exf6 Nb3 27. Bxb3 cxb3 28. Ra4 Bxa4 29. Ne5 Bc6 30. Nxc6 Qxc6 {[%emt 0:00:00][%mdl 32768] Weighted Error Value: White=1.18/Black=0.22 (precise) . Loss on time!?} 1-0

[Event "German-ch Blitz Women 2022"]
[Site "Magdeburg"]
[Date "2022.08.13"]
[Round "13.4"]
[White "Schuster, Rebekka"]
[Black "Stangl, Anita"]
[Result "0-1"]
[ECO "C01"]
[WhiteElo "1815"]
[BlackElo "2023"]
[Annotator "NA RC"]
[PlyCount "42"]
[EventDate "2022.08.10"]
[EventType "tourn"]
[EventCountry "GER"]
[SourceTitle "playchess.com"]
[Source "ChessBase"]
[SourceQuality "1"]
[TimeControl "180+2"]

1. e4 e6 2. d4 d5 3. exd5 exd5 4. Bd3 Nc6 5. c3 Bd6 6. Ne2 Nge7 7. O-O Bg4 8. f3 Bh5 9. Bf4 Bg6 10. Bg5 f6 11. Bh4 Qd7 12. Qc2 O-O-O 13. b4 Rde8 14. a4 Nf5 15. Bf2 Ne3 16. Bxe3 Rxe3 17. Bxg6 hxg6 18. Ng3 f5 19. Na3 Qe7 20. Nb5 Bf4 21. Qf2 Qh4 0-1

[Event "German-ch Blitz Women 2022"]
[Site "Magdeburg"]
[Date "2022.08.13"]
[Round "13.5"]
[White "Zschischang, Marine"]
[Black "Wulf, Constanze"]
[Result "1-0"]
[ECO "D36"]
[WhiteElo "2083"]
[BlackElo "1835"]
[Annotator "NA RC"]
[PlyCount "55"]
[EventDate "2022.08.10"]
[EventType "tourn"]
[EventCountry "GER"]
[SourceTitle "playchess.com"]
[Source "ChessBase"]
[SourceQuality "1"]
[TimeControl "180+2"]

1. d4 d5 2. c4 e6 3. Nc3 c6 4. cxd5 exd5 5. Qc2 Nf6 6. Bg5 Nbd7 7. Nf3 Bd6 8. e3 O-O 9. Bd3 h6 10. Bh4 Qc7 11. Bg3 Re8 12. O-O-O b5 13. Nxb5 cxb5 14. Qxc7 Bxc7 15. Bxc7 Bb7 16. Kb1 Rac8 17. Bg3 b4 18. Rc1 Ne4 19. Bb5 Red8 20. Rxc8 Bxc8 21. Rc1 Nxg3 22. hxg3 a6 23. Rxc8 Rxc8 24. Bxd7 Rc7 25. Bf5 Kf8 26. Bc2 Ke7 27. Bb3 Kd6 28. Ne5 1-0

[Event "German-ch Blitz Women 2022"]
[Site "Magdeburg"]
[Date "2022.08.13"]
[Round "13.6"]
[White "Staerk, Elisa"]
[Black "Doll, Rebecca"]
[Result "1-0"]
[ECO "D63"]
[WhiteElo "1947"]
[BlackElo "1933"]
[Annotator "TA"]
[PlyCount "86"]
[EventDate "2022.08.10"]
[EventType "tourn"]
[EventCountry "GER"]
[SourceTitle "playchess.com"]
[Source "ChessBase"]
[SourceQuality "1"]
[TimeControl "180+2"]

1. d4 d5 2. c4 e6 3. Nc3 Be7 4. Nf3 Nf6 5. Bg5 O-O 6. e3 a6 7. Rc1 Nbd7 8. Bd3 dxc4 9. Bxc4 b5 10. Bd3 Bb7 11. O-O c5 {11...c5 scores better than 11...Rc8.} 12. Ne5 {D63: Queen's Gambit Declined: Classical: 7 Rc1.} h6 13. Bh4 {[#]} (13. Nxd7 $11 {is superior.} Nxd7 14. Bxe7 Qxe7 15. Be4 Bxe4 16. Nxe4) 13... Nd5 $146 {[#]} (13... Nxe5 $15 {keeps the upper hand.} 14. dxe5 Nd7 15. Bxe7 Qxe7) ({Predecessor:} 13... cxd4 14. exd4 Rc8 15. Qe2 Nb6 16. Rfd1 Nbd5 17. Bxf6 Nxf6 18. a3 Nd5 19. Ne4 Rxc1 20. Rxc1 Nf4 {0-1 (30) Milevoj,C (1901)-Bulic,J (2243) Buje 2008}) 14. Bxe7 $16 {0x0.0019ef4b088adp-1022s more active pieces. The black rooks are badly placed. White is better.} (14. Nxd7 {is interesting.} Qxd7 15. Bxe7 Qxe7 16. Nxd5 Bxd5 17. Rxc5 Rac8 18. Qc2) 14... Qxe7 15. Nxd7 ({White has to play} 15. Nxd5 $16 Bxd5 16. Nxd7 Qxd7 17. dxc5 (17. Rxc5 Rac8 $16)) 15... Qxd7 $11 16. Nxd5 Qxd5 {[%csl Gb7][%cal Rd5g2] [#]} 17. Qg4 (17. f3 $1 $11) 17... cxd4 $17 ({But not} 17... Qxa2 $6 18. dxc5 Bc6 19. Qe2 $11) 18. exd4 Rac8 19. Rcd1 h5 (19... Qxa2 $19 20. Rd2 Rfd8) 20. Qh3 Rfd8 21. Rfe1 Qg5 22. Re5 Qg4 23. Qxg4 hxg4 24. Be2 (24. Rc5 $17 {is a better defense.}) 24... Rd7 (24... Rc2 $19 {...Bd5 is the strong threat.} 25. Bxg4 Rxb2) 25. Bxg4 $11 Rc4 26. h3 Rcxd4 27. Rxd4 Rxd4 {[%mdl 4096] Endgame KRB-KRB} 28. Re2 Rd1+ 29. Kh2 Rb1 30. Kg3 g6 31. Rc2 Bd5 32. a3 Bc4 33. Rd2 Kf8 34. h4 Ke7 35. h5 gxh5 36. Bxh5 a5 37. Bf3 b4 38. axb4 axb4 39. Rc2 Bb5 40. Rc5 (40. Be4 $11 {remains equal.}) 40... Bf1 (40... Bd3 $17 41. Rc7+ Kf6) 41. Rc7+ Kf6 42. Bh5 (42. Rc2 $1 $11) 42... Rxb2 $17 43. Bxf7 (43. Rxf7+ $17 Ke5 44. Rd7) 43... Re2 $2 {[%mdl 32768] And White is the lucky defender.  Weighted Error Value: White=0.30/Black=0.31. Loss on time!?} (43... b3 $19 44. Bg8 Rc2) 1-0

[Event "German-ch Blitz Women 2022"]
[Site "Magdeburg"]
[Date "2022.08.13"]
[Round "13.7"]
[White "Melamed, Tatjana"]
[Black "Kunze, Kerstin"]
[Result "1-0"]
[ECO "C78"]
[WhiteElo "2380"]
[BlackElo "2020"]
[Annotator "TA"]
[PlyCount "47"]
[EventDate "2022.08.10"]
[EventType "tourn"]
[EventCountry "GER"]
[SourceTitle "playchess.com"]
[Source "ChessBase"]
[SourceQuality "1"]
[TimeControl "180+2"]

1. e4 e5 2. Nf3 Nc6 3. Bb5 a6 4. Ba4 Nf6 5. O-O b5 6. Bb3 Be7 7. d3 O-O 8. a4 Bb7 9. Nbd2 {[%emt 0:00:10] C84: Closed Ruy Lopez: Unusual White 6th moves.} d5 10. Re1 dxe4 11. dxe4 {[%emt 0:00:02] [#] The position is equal.} Bc5 $146 ({Predecessor:} 11... Qd7 12. c3 Rad8 13. Qe2 Qd3 14. Qxd3 Rxd3 15. Bc2 Rd7 16. Nf1 Rfd8 17. Ne3 Bd6 {1-0 (36) Brnusak,A (1737)-Cuker,O (1390) Liptovsky Mikulas 2016}) 12. h3 (12. c3 $14) 12... Qe7 13. Qe2 bxa4 ({Black should play} 13... Rfb8 $11) 14. Rxa4 $14 Nh5 15. Nf1 Nf4 16. Bxf4 exf4 17. e5 g5 $2 (17... Nb4 $16) 18. N1d2 {[%emt 0:00:12] Hoping for Bd5.} Nb4 $2 (18... Rad8 19. Ne4 Nxe5) 19. Ne4 $18 Bxe4 20. Qxe4 {[%emt 0:00:01] [#] Qf5 is the strong threat.} c6 21. Qf5 h6 22. Qg6+ Kh8 23. Qxh6+ Kg8 24. Nxg5 {[%emt 0:00:08] White took control after the opening.  Weighted Error Value: White=0.27 (precise) /Black=0.96} 1-0